 Dungeon Crawl Stone Soup version 0.32-a0-975-g85d4e5bfdb (webtiles) character file.

Game seed: 6711405325659191279

1 Maxmaps the Ruffian (level 1, 0/15 HPs)
             Began as a Demonspawn Shapeshifter on Apr 19, 2024.
             Slain by a jackal (2 damage)
             ... on level 1 of the Dungeon.
             The game lasted 00:00:12 (75 turns).

Maxmaps the Ruffian (Demonspawn Shapeshifter)         Turns: 75, Time: 00:00:13

Health: 0/15       AC:  2    Str: 14    XL:     1   Next: 16%
Magic:  1/1        EV:  1    Int: 10    God:
Gold:   0          SH:  0    Dex: 12    Spells: 0/0 levels left

rFire   . .          .
                       - Unarmed
rCold   . . .        (no shield)
rNeg    . . .        a - +0 animal skin
rPois   .            (helmet currently unavailable)
rElec   .            (cloak currently unavailable)
rCorr   .            (gloves currently unavailable)
SInv    .            (boots currently unavailable)
Will    .....        (no amulet)
Stlth   +            (no ring)
HPRegen 0.22/turn    (no ring)
MPRegen 0.07/turn

%: no passive effects
@: beast-form, constricted
A: beast (slay +1)
a: Begin Untransformation


You were on level 1 of the Dungeon.
You were a hulking beast.
You visited 1 branch of the dungeon, and saw 1 of its levels.

Inventory:

Armour
 a - a +0 animal skin (worn)
Talismans
 c - a beast talisman (active)
 d - a flux talisman
Scrolls
 f - a scroll of identify {unknown}
Potions
 b - a potion of lignification
 e - a potion of haste {unknown}


   Skills:
 + Level 1.2 Fighting
 - Level 1.7 Dodging
 - Level 2.6 Unarmed Combat
 - Level 2.6 Shapeshifting


You couldn't memorise any spells.
You didn't know any spells.
Your spell library was empty.

Dungeon Overview and Level Annotations

Branches:
Dungeon (1/15)

Altars:


Message History

g - Guard the area. f - Follow me.
Anything else - Cancel.
You shout for attention!
The rat squeaks loudly.
A jackal comes into view.
The jackal barks!
A bat comes into view.
You see here 6 gold pieces.
The bat closely misses you.
The jackal pauses to sniff the ground.
The ball python attacks as it pursues you!
The ball python bites you. The bat misses you.
The bat hits you but does no damage.
The ball python attacks as it pursues you!
The ball python misses you. The bat closely misses you.
The bat hits you but does no damage. The ball python barely misses you.
The bat hits you but does no damage. The bat closely misses you.
The bat closely misses you. The bat attacks as it pursues you!
The bat hits you. The bat hits you but does no damage.
The ball python bites you. The ball python closely misses you.
The ball python attacks as it pursues you!
The ball python closely misses you.
The ball python attacks as it pursues you!
The ball python bites you. The ball python closely misses you.
The bat barely misses you. The bat barely misses you.
The ball python attacks as it pursues you!
The ball python bites you. The ball python grabs you.
The ball python constricts you.
The ball python's grasp on you weakens, but your attempt to escape fails.
The ball python bites you. The ball python constricts you.
The bat hits you but does no damage.
The ball python's grasp on you weakens, but your attempt to escape fails.
The bat hits you but does no damage. The ball python bites you.
* * * LOW HITPOINT WARNING * * *
The ball python constricts you. The jackal bites you.
You die...

.#........# #.....####
+#........#####.....#
....................####
.......................#
..#.....#..............#
.#......#....J.........#
.#......#....#.h....####
.#......######rSh...#
#......# #...h..##
###.#### #.#+.b.####.#
#. ##.#+........#
##...#...####.# #
##..ß........#
..##........#.#.#
............#.#.#
.......ß.........
.#....<........#


You could see an endoplasm, 2 jackals, a bat, a ball python and a rat.

Vanquished Creatures
  A goblin (D:1)
1 creature vanquished.

Notes
Turn   | Place    | Note
-------+----------+-------------------------------------------
     0 | D:1      | Maxmaps the Demonspawn Shapeshifter began the quest for the
                  | Orb.
     0 | D:1      | Reached XP level 1. HP: 15/15 MP: 1/1
    75 | D:1      | Slain by a jackal

Illustrated notes

Levels and vault maps discovered:
D:1:      grunt_arrival_lava_bath, layout_basic,
          shapermc_ecumenical_altar_mp_vishouse

Action                     || total
---------------------------++-------
  Melee: Unarmed           ||     1
 Armour: Animal skin       ||    17
  Dodge: Dodged            ||    13

Table legend: (Time is in decaauts)
 A = Elapsed time spent in this place.
 B = Non-inter-level travel time spent in this place.
 C = Inter-level travel time spent in this place.
 D = Time resting spent in this place.
 E = Time spent auto-exploring this place.
 F = Levels seen in this place.
 G = Mean time per level.
                   A        B        C        D        E       F      G
               +--------+--------+--------+--------+--------+-----+--------+
         Total |     74 |     74 |      0 |      0 |     43 |   1 |   74.0 |
       Dungeon |     74 |     74 |      0 |      0 |     43 |   1 |   74.0 |
               +--------+--------+--------+--------+--------+-----+--------+

Top non-repeatable levels by time:
     D:1: 74 daAuts
